 Dungeon Crawl Stone Soup version 0.30.1-9-gdf580d7c3d (webtiles) character file.

Game seed: 1884400724002525703

18855 monsoonserge the Thaumaturge (level 13, -3/80 HPs)
             Began as a Djinni Fire Elementalist on Sept 27, 2023.
             Was a Believer of Elyvilon.
             Engulfed by a cloud of freezing vapour (28 damage)
             ... in an ice cave on Sept 28, 2023.
             The game lasted 01:08:51 (11610 turns).

monsoonserge the Thaumaturge (DjFE)                Turns: 11610, Time: 01:08:52

Health: -3/80      AC: 15    Str:  7    XL:     13   Next: 0%
Gold:   586        EV: 12    Int: 22    God:    Elyvilon [**....] SH:  5 Dex: 14

rFire   + + .        M - +2 trident (antimagic)
rCold   x . .        f - +0 buckler
rNeg    . . .        E - +2 leather armour {Will+}
rPois   ∞            t - +2 helmet
rElec   .            C - +0 cloak
rCorr   +            l - +0 pair of gloves
SInv    .            (boots unavailable)
Will    ++...        (no amulet)
Stlth   ++           O - +4 ring of protection
HPRegen 0.33/turn    D - ring of resist corrosion
MPRegen 0.00/turn

%: infuse magic (-4 HP)
@: flying, studying Shields
A: sickness immunity, fire resistance 2, cold vulnerability 1, float, innate
caster, HP casting, extra vitality 1
a: Renounce Religion, Purification, Heal Other


You were in an ice cave.
You worshipped Elyvilon.
Elyvilon was pleased with you.
You visited 2 branches of the dungeon, and saw 13 of its levels.
You also visited: Sewer, Ossuary, Bailey and Ice Cave.

You collected 586 gold pieces.

Inventory:

Hand Weapons
 z - a +2 sling of flaming
 M - a +2 antimagic trident (weapon)
Missiles
 e - a curare-tipped dart
 j - 20 poisoned darts (quivered)
Armour
 f - a +0 buckler (worn)
 l - a +0 pair of gloves (worn)
 p - +0 steam dragon scales
 t - a +2 helmet (worn)
 C - a +0 cloak (worn)
 E - a +2 leather armour of willpower (worn)
 J - a +0 kite shield
Jewellery
 a - a ring of positive energy
 D - a ring of resist corrosion (right hand)
 G - the ring "Hotaepla" {Fly rPois Str+6 Stlth+}
   (You found it on level 5 of the Dungeon)

   [ring of poison resistance]

   Str:       It affects your strength (+6).
   rPois:     It protects you from poison.
   Fly:       It grants you flight.
   Stlth:     It makes you more stealthy.
 O - a +4 ring of protection (left hand)
 Q - a +6 ring of dexterity
Wands
 q - a wand of polymorph (2)
 F - a wand of charming (11)
 K - a wand of roots (2)
Scrolls
 c - 6 scrolls of enchant weapon
 h - a scroll of vulnerability
 i - 4 scrolls of fear
 k - 2 scrolls of magic mapping
 r - 4 scrolls of enchant armour
 v - 9 scrolls of teleportation {unknown}
 w - 3 scrolls of fog
 y - a scroll of torment
 A - a scroll of poison
 B - 2 scrolls of summoning
 N - 3 scrolls of immolation
 P - a scroll of identify
Potions
 b - a potion of cancellation
 g - 3 potions of might
 m - 7 potions of brilliance
 n - a potion of flight
 s - 6 potions of attraction
 u - 2 potions of degeneration
 x - 3 potions of lignification
 H - 3 potions of haste
 I - 2 potions of mutation
 L - a potion of invisibility


   Skills:
 + Level 2.5 Fighting
 + Level 0.9 Polearms
 + Level 0.6 Throwing
 + Level 4.3 Armour
 + Level 4.3 Dodging
 - Level 2.0 Stealth
 * Level 4.4 Shields
 * Level 14.3 Spellcasting
 * Level 4.3 Invocations
 + Level 2.0 Evocations


You knew the following spells:

 Your Spells              Type           Power      Damage    Failure   Level
a - Foxfire               Conj/Fire      100%       2x1d9     1%          1
b - Scorch                Fire           100%       2d9       1%          2
c - Volatile Blastmotes   Fire/Tloc      100%       2d18      1%          3
d - Inner Flame           Hex/Fire       68%        N/A       1%          3
e - Flame Wave            Conj/Fire      68%        2d15      1%          4
f - Sting                 Tmut/Pois      100%       1d8       1%          1
g - Poisonous Vapours     Pois/Air       100%       N/A       1%          2
h - Swiftness             Air            68%        N/A       1%          3
i - Summon Guardian Gole  Hex/Summ       68%        N/A       1%          3
j - Airstrike             Air            34%        2d(5-21)  1%          4
k - Iskenderun's Battles  Conj           68%        2d12      1%          5
Your spell library was empty.

Dungeon Overview and Level Annotations

Branches:
Dungeon (12/15)            Temple (1/1) D:5            Lair (0/5) D:11
    Orc (0/2) D:11          Sewer (visited)         Ossuary (visited)
 Bailey (visited)           IceCv (1/1)

Altars:
Ashenzari
Cheibriados
Dithmenos
Elyvilon
Fedhas
Gozag
Hepliaklqana
Makhleb
Nemelex Xobeh
Okawaru
Qazlal
Ru
Trog
Uskayaw
Wu Jian
Xom
Yredelemnul
Zin
The Shining One

Annotations:
D:3 1 runed translucent door, Crazy Yiuf
D:11 Fannar, Nergalle


Innate Abilities, Weirdness & Mutations

You are immune to sickness and miasma.
You are immune to poison.
Your flesh is very heat resistant. (rF++)
You are vulnerable to cold. (rC-)
You float through the air rather than walking.
You learn spells naturally, not from books.
Your magical power is your life essence.
You have superior vitality. (+4 MHP)


Message History

Your troll bites the ice dragon.
Your troll claws the ice dragon.
Your troll closely misses the ice dragon.
The spectral orc completely misses you. The ice dragon bites your troll.
The ice dragon claws your troll! The ice dragon tramples your troll.
Your troll holds its ground!
The polar bear bites your komodo dragon.
The polar bear barely misses your komodo dragon. x2
Nergalle is engulfed in blazing flames.
Nergalle hits your troll with a +0 dagger.
Your troll dies!
Your troll's corpse dissolves into shadows!
The ice dragon roars deafeningly!
There is a frozen archway here.
You see here a poisoned dart.
Unknown command.
Press: ? - help, v - describe, . - travel, g - get item
Here: a spectral orc, wielding a +0 dagger (summoned) Item here: a poisoned dart.
The floor.
Your komodo dragon bites the ice dragon.
The spectral orc misses you.
The polar bear bites your komodo dragon!
The polar bear claws your komodo dragon but does no damage.
The polar bear claws your komodo dragon.
The world spins around you as you enter the gateway.
You enter an ice cave!
Found an ice covered gate leading back out of this place.
There is an ice choked empty arch of ancient stone here.
You start resting.
Your extra speed is starting to run out.
You start resting.
You feel yourself slow down.
You start resting.
You flicker for a moment.
You start resting.
You flicker back into view.
You start resting.
You are engulfed in freezing vapours.
You are engulfed in freezing vapours.
You die...

# # . .#.
##.# #○☼##
#§§°# #.§°#
#
#§§####Y###.
#@##...Y....
##..∩..Y..#
#.∩....#h##
#..#####
####


You could see a yak (wandering) and a wolf (asleep).

Vanquished Creatures
  2 vault guards (Bailey)
  4 two-headed ogres
  Lodul (D:11)
  Pikel (D:5)
  A deep elf pyromancer (D:12)
  A cyclops (D:12)
  Joseph (D:7)
  A gargoyle (D:12)
  A kobold demonologist (D:10)
  A komodo dragon (D:12)
  3 trolls
  A merfolk (shapeshifter) (D:11)
  Prince Ribbit (D:6)
  A blink frog (Bailey)
  Sigmund (D:2)
  9 yaks
  3 wyverns
  4 steam dragons
  8 humans (Bailey)
  Grum (D:8)
  2 vampire mosquitoes (D:11)
  Edmund (D:6)
  A water moccasin (D:6)
  Duvessa (D:7)
  Pargi (Sewer)
  An ice beast (D:6)
  4 orc warriors
  2 sky beasts (D:6)
  3 black bears
  9 ogres
  4 wolves
  5 centaurs
  3 phantoms
  A lemure (D:5)
  4 kobold brigands
  16 bullfrogs
  A gnoll sergeant (D:9)
  A water moccasin zombie (D:5)
  Dowan (D:7)
  2 water moccasin skeletons (D:5)
  6 howler monkeys
  18 killer bees
  3 jellies
  2 bullfrog zombies (D:5)
  5 hounds
  3 orc priests
  A gnoll bouda (D:9)
  5 iguanas
  4 sleepcaps
  A scorpion zombie (D:5)
  4 orc wizards
  A hound zombie (D:5)
  A hound skeleton (D:5)
  14 mummies (Ossuary)
  Robin (D:3)
  9 adders
  12 gnolls
  A white imp (D:7)
  2 ufetubi
  2 worms
  A dart slug (D:1)
  30 orcs
  5 bats
  4 endoplasms
  3 giant cockroaches
  20 goblins
  10 hobgoblins
  7 quokkas
  11 ball pythons
  3 frilled lizards
  3 gnoll skeletons (Ossuary)
  3 goblin skeletons (Ossuary)
  14 kobolds
  2 orc skeletons (Ossuary)
  9 rats
  11 rat skeletons (Ossuary)
340 creatures vanquished.

Vanquished Creatures (collateral kills)
  A yak (D:11)
  2 bullfrogs (Bailey)
  An orc (Bailey)
  A goblin (Bailey)
  3 foxfires
8 creatures vanquished.

Vanquished Creatures (others)
  A bullfrog (Bailey)
  An electric eel (D:12)
  546 foxfires
548 creatures vanquished.

Grand Total: 896 creatures vanquished

Notes
Turn   | Place    | Note
-------+----------+-------------------------------------------
     0 | D:1      | monsoonserge the Djinni Fire Elementalist began the quest
                  | for the Orb.
     0 | D:1      | monsoonserge set off with the following spells memorised:
                  | Foxfire, Scorch, Volatile Blastmotes, Inner Flame, Flame
                  | Wave.
     0 | D:1      | Reached XP level 1. HP: 15/15 MP: 0/0
    84 | D:1      | Reached XP level 2. HP: 15/21 MP: 0/0
   218 | D:1      | Reached XP level 3. HP: 19/25 MP: 0/0
   218 | D:1      | Learned a level 1 spell: Sting
   260 | D:1      | Reached skill level 3 in Spellcasting
   644 | D:1      | Reached skill level 1 in Armour
  1139 | D:2      | Reached XP level 4. HP: 27/31 MP: 0/0
  1437 | D:2      | Noticed Sigmund
  1449 | D:2      | Killed Sigmund
  1450 | D:2      | Reached skill level 4 in Spellcasting
  1450 | D:2      | Reached XP level 5. HP: 21/35 MP: 0/0
  1450 | D:2      | Learned a level 2 spell: Poisonous Vapours
  1450 | D:2      | Reached XP level 6. HP: 24/40 MP: 0/0
  2209 | D:3      | Identified the +5 quarterstaff "Nism" {vamp, Str-4 Int+5}
  2314 | D:3      | Found a bloodstained altar of Trog.
  2564 | D:3      | Noticed Robin
  2702 | D:3      | Reached skill level 5 in Spellcasting
  2716 | D:3      | Killed Robin
  3089 | D:3      | Found a runed translucent door.
  3090 | D:3      | Noticed Crazy Yiuf
  3189 | D:4      | Found a hazy altar of Hepliaklqana.
  3240 | D:4      | Found a basalt altar of Yredelemnul.
  3257 | D:4      | Reached XP level 7. HP: 39/45 MP: 0/0
  3257 | D:4      | Learned a level 3 spell: Swiftness
  3500 | D:4      | Found a sand-covered staircase.
  3516 | Ossuary  | Entered an ossuary
  3782 | Ossuary  | Reached skill level 6 in Spellcasting
  4187 | Ossuary  | Reached XP level 8. HP: 43/50 MP: 0/0
  4427 | D:4      | Noticed a two-headed ogre
  4429 | D:4      | Noticed a wyvern
  4437 | D:4      | Killed a two-headed ogre
  4438 | D:4      | Reached skill level 7 in Spellcasting
  4440 | D:4      | Killed a wyvern
  4441 | D:4      | Reached skill level 8 in Spellcasting
  4441 | D:4      | Reached XP level 9. HP: 40/55 MP: 0/0
  4441 | D:4      | Learned a level 3 spell: Summon Guardian Golem
  4804 | D:5      | Entered Level 5 of the Dungeon
  4855 | D:5      | Identified the ring "Hotaepla" {Fly rPois Str+6 Stlth+}
  4931 | D:5      | Found a staircase to the Ecumenical Temple.
  4939 | Temple   | Entered the Ecumenical Temple
  5016 | D:5      | Found a glowing drain.
  5025 | Sewer    | Entered a sewer
  5083 | Sewer    | Noticed Pargi
  5091 | Sewer    | Killed Pargi
  5239 | D:5      | Noticed Pikel
  5242 | D:5      | Reached skill level 1 in Evocations
  5246 | D:5      | Lost strength.
  5247 | D:5      | HP: 2/55 [Pikel/+2 whip of flaming (1)]
  5254 | D:5      | Reached skill level 9 in Spellcasting
  5254 | D:5      | Killed Pikel
  5256 | D:5      | Reached XP level 10. HP: 6/60 MP: 0/0
  5256 | D:5      | HP: 2/90 [scorpion zombie (3)]
  5471 | D:5      | Found a hide-covered altar of Uskayaw.
  5571 | D:6      | Found an ornate altar of the Wu Jian Council.
  5575 | D:6      | Noticed Prince Ribbit
  5580 | D:6      | Reached skill level 10 in Spellcasting
  5580 | D:6      | Killed Prince Ribbit
  6058 | D:6      | Found a sacrificial altar of Ru.
  6115 | D:6      | Noticed Edmund
  6122 | D:6      | Killed Edmund
  6249 | D:6      | Found a shimmering altar of Xom.
  6328 | D:7      | Noticed Joseph
  6360 | D:7      | Found a large runed translucent door.
  6361 | D:7      | Found a large runed translucent door.
  6378 | D:7      | Noticed Duvessa
  6421 | D:7      | Killed Joseph
  6422 | D:7      | Reached skill level 11 in Spellcasting
  6531 | D:7      | Noticed Dowan
  6539 | D:7      | Killed Dowan
  6540 | D:7      | Reached skill level 1 in Fighting
  6549 | D:7      | Killed Duvessa
  6863 | D:7      | Reached XP level 11. HP: 61/67 MP: 0/0
  6863 | D:7      | Learned a level 4 spell: Airstrike
  7003 | D:7      | Found an iron altar of Okawaru.
  7010 | D:7      | Found a white marble altar of Elyvilon.
  7019 | D:7      | Became a worshipper of Elyvilon the Healer
  7186 | D:7      | Found a sparkling altar of Nemelex Xobeh.
  7524 | D:8      | Reached * piety under Elyvilon
  7576 | D:8      | Found a flagged portal.
  7591 | Bailey   | Entered a bailey
  7614 | Bailey   | Reached skill level 12 in Spellcasting
  7631 | Bailey   | HP: 2/67 [human/+0 heavy hand axe (8)]
  7637 | Bailey   | Reached skill level 1 in Invocations
  8074 | Bailey   | Noticed a vault guard
  8084 | Bailey   | Killed a vault guard
  8134 | Bailey   | Noticed a vault guard
  8151 | Bailey   | Killed a vault guard
  8625 | D:8      | Noticed Grum
  8634 | D:8      | Killed Grum
  8820 | D:8      | Reached skill level 13 in Spellcasting
  8883 | D:8      | Found a blossoming altar of Fedhas.
  9079 | D:8      | Reached ** piety under Elyvilon
  9334 | D:9      | Reached XP level 12. HP: 59/72 MP: 0/0
  9770 | D:9      | Found an opulent altar of Gozag.
 10007 | D:10     | Entered Level 10 of the Dungeon
 10049 | D:10     | Reached skill level 1 in Shields
 10304 | D:10     | Found a burning altar of Makhleb.
 10502 | D:10     | Noticed a two-headed ogre
 10503 | D:10     | Reached *** piety under Elyvilon
 10508 | D:10     | Killed a two-headed ogre
 11010 | D:11     | Noticed a two-headed ogre
 11012 | D:11     | Noticed Lodul
 11013 | D:11     | Killed a two-headed ogre
 11023 | D:11     | Killed Lodul
 11042 | D:11     | Noticed a boulder beetle
 11052 | D:11     | Noticed Fannar
 11059 | D:11     | Noticed a two-headed ogre
 11292 | D:11     | Reached skill level 14 in Spellcasting
 11295 | D:11     | HP: 2/74 [two-headed ogre/+0 giant club (13)]
 11296 | D:11     | Killed a two-headed ogre
 11405 | D:11     | Noticed Nergalle
 11414 | D:11     | Found a staircase to the Orcish Mines.
 11419 | D:11     | Found a frozen archway.
 11420 | D:11     | Noticed an ice dragon
 11455 | D:11     | Elyvilon protects you from harm!
 11457 | D:11     | HP: 1/76 [ice dragon (4)]
 11460 | D:11     | Reached XP level 13. HP: 9/80 MP: 0/0
 11460 | D:11     | Learned a level 5 spell: Iskenderun's Battlesphere
 11462 | D:11     | HP: 4/80 [polar bear (2)]
 11467 | IceCv    | Entered an ice cave
 11610 | IceCv    | Engulfed by a cloud of freezing vapour

Illustrated notes

Levels and vault maps discovered:
D:1:      heliophobic_arrival_ceremonial_halls, layout_basic
D:2:      layout_basic, uniq_sigmund
D:3:      layout_basic, mainiacjoe_overflow_alcove_2, uniq_crazy_yiuf_cottage,
          uniq_robin
D:4:      layout_loops_cross, amcnicky_altar_gilded,
          lemuel_coloured_pillars_altar, nicolae_ossuary_entry_false_entrances,
          minmay_manual_mess
D:5:      layout_gridville, nicolae_uskayaw_dance_hall, temple_statues,
          portal_sewer_entry_d, serial_undead, serial_undead_d, serial_undead_b,
          serial_undead_a, serial_undead_b, uniq_pikel
D:6:      layout_rooms, kennysheep_mini_moat, lemuel_crystal_altar,
          nicolae_ru_path_of_blood, uniq_edmund, uniq_prince_ribbit1
D:7:      layout_rooms, nemelex_altar_shiori, jmf_multi_god_temple2,
          uniq_joseph, uniq_duvessa
D:8:      kennysheep_steamy, layout_cave_pools, nicolae_overflow_crystal_walls,
          vehumet_crystals, enter_bailey_3, chequers_serial_rivers_micro_d,
          uniq_grum
D:9:      layout_gridville, mainiacjoe_overflow_tiny_flanked
D:10:     layout_roguey, mainiacjoe_overflow_concentric_impassable
D:11:     gammafunk_indiana_jones, layout_rooms, david_lair_shrubbed,
          orc_0_dummy, portal_ice_cave_entry_animals_and_master,
          amcnicky_mini_pool_small, uniq_fannar, uniq_lodul, uniq_nergalle
D:12:     layout_basic, minmay_guarded_unrand_zonguldrok
Temple:   nicolae_temple_godpark
IceCv:    ice_cave_caverns_02

Skill      XL: |  1  2  3  4  5  6  7  8  9 10 11 12 |
---------------+-------------------------------------+-----
Spellcasting   | 3 4 5 6 8 9 11 13 14 | 14.3
Armour         | 1 2 3 4 |  4.3
Stealth        | 2 |  2.0
Evocations     | 1 2 |  2.0
Dodging        | 3 4 |  4.3
Fighting       | 1 2 |  2.5
Invocations    | 3 4 |  4.3
Shields        | 4 |  4.4
Polearms       | |  0.9
Throwing       | |  0.6

Action                     |  1- 3 |  4- 6 |  7- 9 | 10-12 | 13-15 || total
---------------------------+-------+-------+-------+-------+-------++-------
  Melee: Dagger            |     1 |       |       |       |       ||     1
         Quarterstaff      |       |       |     1 |     3 |       ||     4
         Trident           |       |       |       |    11 |       ||    11
  Throw: Dart              |       |       |       |    20 |       ||    20
   Cast: Foxfire           |    35 |    39 |    42 |   203 |       ||   319
         Scorch            |    21 |    28 |    44 |   120 |       ||   213
         Sting             |     9 |     4 |       |       |       ||    13
         Volatile Blastmot |       |    16 |    23 |    20 |       ||    59
         Flame Wave        |       |     1 |     7 |    43 |       ||    51
         Poisonous Vapours |       |     1 |     1 |     7 |       ||     9
         Inner Flame       |       |     1 |       |     1 |       ||     2
         Airstrike         |       |       |       |    13 |       ||    13
         Summon Guardian G |       |       |       |     1 |       ||     1
 Invoke: Heal Self         |       |       |       |     4 |       ||     4
         Heal Other        |       |       |       |     1 |       ||     1
  Evoke: Wand              |       |       |       |     3 |       ||     3
    Use: Scroll            |       |       |    10 |    16 |       ||    26
         Potion            |       |       |     5 |    10 |     1 ||    16
   Stab: Distracted        |       |       |       |     1 |       ||     1
         Invisible         |       |       |       |     2 |       ||     2
 Armour: Leather armour    |     3 |     9 |     5 |    44 |     2 ||    63
         Robe              |     1 |       |       |    17 |       ||    18
         Skin              |       |       |    24 |     9 |       ||    33
  Dodge: Dodged            |    13 |     8 |    21 |   117 |     2 ||   161
  Block: Buckler           |       |       |       |    29 |     2 ||    31
